[Event "*** Titled Tuesday 3|2 Blitz (Early)"]
[Site "Chess.com"]
[Date "2016.12.06"]
[Round "6"]
[White "nihalsarin"]
[Black "pedromartinez91"]
[Result "1-0"]
[WhiteElo "2513"]
[BlackElo "2339"]
[TimeControl "180+2"]
[EndTime "12:19:46 PST"]
[Termination "nihalsarin won on time"]

1. d4 d5 2. Nf3 Nf6 3. Bf4 Bf5 4. e3 e6 5. Bd3 Bg6 6. O-O Nbd7 7. c4 Bd6 8. c5 Bxf4 9. exf4 c6 10. Nc3 O-O 11. b4 b6 12. Re1 a5 13. b5 bxc5 14.
bxc6 Bxd3 15. cxd7 c4 16. Ne5 Nxd7 17. Nxd3 cxd3 18.
Qxd3 Nb6 19. f5 Qf6 20. fxe6 fxe6 21. Qe3 Rae8 22. f3 Nc4 23. Qf2 Qg5 24. Re2 Rf6 25. Rae1 Ref8 26. Kh1 Nd6 27. Rxe6 Rxe6 28. Rxe6 Nf5 29. Nxd5 Rd8 30. Qe1 Nd6 31. Re5 Qh6 32. Ne7+ Kf8 33. Nc6 Re8 34. Rxe8+ Nxe8 35. Nxa5 Qb6 36.
Nb3 Nd6 37. Qe5 Qb4 38. h3 Nf7 39. Qc5+ Qxc5 40. dxc5 Ke7 41. a4 Kd7 42. Nd4 Ne5 43. a5 Kc7 44. a6 Nf7 45. Ne6+ Kc6 46. Nxg7 Ne5 47. Ne6 Nd7 48. Nd8+ Kc7 49. a7 Nxc5 50. a8=Q 1-0

[Event "*** Titled Tuesday 3|2 Blitz (Early)"]
[Site "Chess.com"]
[Date "2016.12.06"]
[Round "6"]
[White "Firebullet"]
[Black "GMKrikor"]
[Result "0-1"]
[WhiteElo "2324"]
[BlackElo "2520"]
[TimeControl "180+2"]
[EndTime "12:19:48 PST"]
[Termination "GMKrikor won by resignation"]

1. d4 Nf6 2. c4 g6 3. f3 d5 4. cxd5 Nxd5 5. e4 Nb6 6. Nc3 Bg7 7. Be3 O-O 8. Qd2 Nc6 9. O-O-O Qd6 10. h4 Rd8 11. Nb5 Qd7 12. h5 a6 13. Nc3 Bxd4 14.
hxg6 fxg6 15. Bxd4 Qxd4 16. Qf4 Qf6 17. Rxd8+ Nxd8 18. Qxc7 Bd7 19. Bc4+ Kg7 20. Bb3 Rc8 21. Qh2 h5 22.
Ne2 Bb5 23. Nf4 Rxc3+ 24. bxc3 Qxc3+ 25. Kb1 Nc4 26. Bxc4 Bxc4 27. g4 Qxf3 28. gxh5 Qxe4+ 29. Kc1 g5 30. Rg1 Qe3+ 31. Kb2 Qd4+ 32. Kc1 Qe3+ 33.
Kb1 Kh6 34. Nh3 Bd3+ 35. Kb2 Ne6 36. Rc1 Qb6+ 37. Ka1 Qe3 38. Qb2 Qxh3 39. Qh8+ Bh7 40. Rf1 Qd3 41. Rf7 Qd4+ 42. Qxd4 Nxd4 43. Rxe7 g4 44. Rxb7 g3 45. Rb4 g2 46. Rxd4 g1=Q+ 47. Kb2 Qxd4+ 0-1

[Event "*** Titled Tuesday 3|2 Blitz (Early)"]
[Site "Chess.com"]
[Date "2016.12.06"]
[Round "6"]
[White "RaphaeI"]
[Black "Apocalyps999"]
[Result "0-1"]
[WhiteElo "2253"]
[BlackElo "2391"]
[TimeControl "180+2"]
[EndTime "12:19:48 PST"]
[Termination "Apocalyps999 won on time"]

1. Nf3 d5 2. d4 Nf6 3. c4 c6 4. e3 Bg4 5. h3 Bxf3 6. Qxf3 e6 7.
Nc3 Nbd7 8. Bd2 Bd6 9. cxd5 exd5 10. g4 O-O 11. g5 Ne4 12. Nxe4 dxe4 13. Qxe4 Qxg5 14.
Qg4 h6 15. Qxg5 hxg5 16. Bd3 c5 17. Bc3 cxd4 18. Bxd4 Be5 19. Bxe5 Nxe5 20. Be4 Rad8 21. Ke2 f5 22. Bxb7 f4 23. Rhd1 f3+ 24. Kf1 Rb8 25.
Bd5+ Kh8 26. b3 Rb6 27. Kg1 Rh6 28. Rac1 Rxh3 29. Rc7 g4 30. Rxa7 g3 31. fxg3 Ng4 32. Re7 Rxg3+ 33. Kf1 Nh2+ 34. Ke1 f2+ 35. Ke2 f1=Q+ 36.
Rxf1 Nxf1 37. a4 Rg5 38. e4 Ng3+ 39. Kd3 Nh5 40. Kc4 Nf6 41. Bb7 Re8 42. Rxe8+ Nxe8 43. Bc6 Nd6+ 44. Kd4 Kg8 45. b4 Kf7 46. e5 Nc8 47. a5 Na7 48. Bd5+ Ke7 49. a6 Kd7 50. Kc5 Rxe5 51. Kb6 Nc8+ 0-1

[Event "*** Titled Tuesday 3|2 Blitz (Early)"]
[Site "Chess.com"]
[Date "2016.12.06"]
[Round "6"]
[White "bugsbunny444"]
[Black "viktorskliarov"]
[Result "0-1"]
[WhiteElo "2392"]
[BlackElo "2443"]
[TimeControl "180+2"]
[EndTime "12:19:50 PST"]
[Termination "viktorskliarov won by resignation"]

1. Nf3 g6 2. e4 c5 3. c4 Bg7 4. d4 cxd4 5. Nxd4 Nc6 6. Be3 Nf6 7.
Nc3 Ng4 8. Qxg4 Bxd4 9. Bxd4 Nxd4 10. O-O-O d6 11. Qg3 e5 12. f4 O-O 13. fxe5 dxe5 14.
Qxe5 Nc6 15. Rxd8 Nxe5 16. Rxf8+ Kxf8 17. Be2 Be6 18. b3 Ke7 19. Rd1 a6 20. Kd2 Rc8 21.
Nd5+ Bxd5 22. exd5 Kd6 23. Ke3 a5 24. Kd4 b6 25.
Rc1 Re8 26. c5+ bxc5+ 27. Rxc5 Ra8 28. Bb5 f5 29. Be2 g5 30. Rb5 Nd7 31. Bd3 f4 32.
Bxh7 Rh8 33. Bf5 Rxh2 34. Rxa5 Nf8 35. Ra6+ Ke7 36. d6+ Kf6 37. Be4 g4 38. Ra8 Nd7 39. Rd8 Ke6 40. Bf5+ Kxf5 41. Rxd7 Rxg2 42. Rd8 Rd2+ 43.
Kc3 Rd1 44. Kc2 Rd5 45. b4 g3 46. Rf8+ Ke4 47. Re8+ Kf3 48. b5 g2 49. Rg8 Rxb5 50.
d7 Rd5 0-1

[Event "*** Titled Tuesday 3|2 Blitz (Early)"]
[Site "Chess.com"]
[Date "2016.12.06"]
[Round "6"]
[White "Hieronymus00"]
[Black "Enzy63"]
[Result "1/2-1/2"]
[WhiteElo "2106"]
[BlackElo "2021"]
[TimeControl "180+2"]
[EndTime "12:19:55 PST"]
[Termination "Game drawn by repetition"]

1. e4 e5 2. Nf3 Nc6 3. Bb5 a6 4.
Ba4 Nf6 5. O-O Be7 6. Re1 b5 7. Bb3 d6 8. c3 O-O 9. h3 Na5 10.
Bc2 c5 11. d4 Nd7 12. Nbd2 exd4 13.
cxd4 Nc6 14. d5 Nce5 15. Nf1 Nxf3+ 16. Qxf3 Ne5 17. Qe2 Bf6 18. Ng3 g6 19. a4 Bd7 20.
Bh6 Re8 21. axb5 Bxb5 22. Qd1 Nc4 23. b3 Nb2 24. Qf3 c4 25. Rab1 Nd3 26. Bxd3 cxd3 27. Nf1 Bg5 28. Bxg5 Qxg5 29. Ne3 h5 30. Red1 Rac8 31. Rbc1 Rxc1 32. Rxc1 Qe5 33. Rc7 Re7 34. Rxe7 Qxe7 35. Qf4 Qc7 36. Kh2 Qc1 37. Qxd6 d2 38. Qd8+ Kg7 39. Qe7 d1=Q 40. Nxd1 Qxd1 41. Qe5+ Kh7 42.
d6 Qd3 43. Qe7 Kg7 44. e5 Qd4 45. Kg1 Qd1+ 46. Kh2 Qd2 47. Kg1 Qd1+ 48. Kh2 Qd2 49.
Kg1 Qd1+ 50. Kh2 Qd2 51. Kg1 Qd1+ 52. Kh2 1/2-1/2

[Event "*** Titled Tuesday 3|2 Blitz (Early)"]
[Site "Chess.com"]
[Date "2016.12.06"]
[Round "6"]
[White "biostatistician"]
[Black "ZhuChenChess"]
[Result "1-0"]
[WhiteElo "2472"]
[BlackElo "2381"]
[TimeControl "180+2"]
[EndTime "12:20:04 PST"]
[Termination "biostatistician won on time"]

1. d4 Nf6 2. Nf3 e6 3. c4 d5 4. Bg5 Bb4+ 5. Nc3 h6 6. Bxf6 Qxf6 7. e3 c5 8. cxd5 exd5 9. Bb5+ Bd7 10. O-O Bxc3 11.
Bxd7+ Nxd7 12. bxc3 O-O 13. Qa4 Rfd8 14. Rab1 b6 15.
Qa6 Qc6 16. Rb3 Rac8 17. h3 Rc7 18. a4 c4 19. Rb2 Qg6 20. a5 Qd3 21. Rc1 Rb8 22.
axb6 Rxb6 23. Rxb6 Nxb6 24. Qb5 Re7 25. Ne5 Qe4 26.
Qc5 Re6 27. Qc7 Rf6 28. Qxa7 Kh7 29. Rf1 Nc8 30. Qb7 Nd6 31. Qe7 Qc2 32. Nd7 Ne4 33. Nxf6+ Nxf6 34. Qa3 Ne4 35. Qc1 Qd3 36. Qb1 Qxc3 37. f3 Qxe3+ 38. Kh1 Qxd4 39. fxe4 dxe4 40. Rxf7 c3 41. Rf1 Qd3 42. Re1 c2 43. Qc1 Kh8 44. Kg1 Qd4+ 45. Kf1 Qd3+ 46. Kf2 Qd4+ 47. Qe3 Qc4 48.
Rc1 Qc6 49. Qd2 Qc5+ 50. Kf1 e3 51. Qxc2 e2+ 52. Kxe2 Qe5+ 53. Kf2 Qf4+ 54. Kg1 Qe3+ 55. Kh1 1-0

[Event "*** Titled Tuesday 3|2 Blitz (Early)"]
[Site "Chess.com"]
[Date "2016.12.06"]
[Round "6"]
[White "Kawhi_Leonard2"]
[Black "Kouzari"]
[Result "1-0"]
[WhiteElo "2237"]
[BlackElo "2463"]
[TimeControl "180+2"]
[EndTime "12:20:04 PST"]
[Termination "Kawhi_Leonard2 won by resignation"]

1. e4 c5 2. Nf3 e6 3. d4 cxd4 4.
Nxd4 a6 5. Nc3 Qc7 6. Be2 b5 7. Bf3 Bb7 8. O-O Ne7 9. a4 b4 10. Na2 Ng6 11. Bd2 a5 12. c3 Bc5 13. Nb5 Qb6 14. cxb4 axb4 15. Bxb4 O-O 16. Bxc5 Qxc5 17. Rc1 Qe5 18. Nac3 Nh4 19. Re1 f5 20. Nd6 Nxf3+ 21.
gxf3 Bc6 22. exf5 Qf4 23. Re3 exf5 24. Qd3 Rf6 25. Qc4+ Qxc4 26. Nxc4 Na6 27. f4 Nb4 28. Rce1 Nc2 29. Re8+ Rxe8 30. Rxe8+ Kf7 31. Rc8 Rg6+ 32. Kf1 Bg2+ 33. Ke2 Nd4+ 34. Kd3 Nc6 35. Rxc6 Rxc6 36. Ne5+ Ke6 37. Nxc6 dxc6 38. Kd4 Kd6 39. a5 c5+ 40. Kc4 Kc6 41. b4 Bf1+ 42. Kb3 h6 43. Ka4 cxb4 44. Kxb4 Ba6 45. Na4 Kd5 46. Nc5 Bc8 47. Kb5 Kd4 48.
Kb6 g5 49. fxg5 hxg5 50. Nb3+ Ke4 51. Kc7 Ba6 52. Nc5+ Kf3 53. Nxa6 Kxf2 54. Nc5 f4 55. a6 f3 56. a7 Ke2 57. a8=Q f2 58. Qa6+ Ke1 59.
Nd3+ Kf1 60. Nxf2+ Kxf2 61. Qd3 1-0

[Event "*** Titled Tuesday 3|2 Blitz (Early)"]
[Site "Chess.com"]
[Date "2016.12.06"]
[Round "6"]
[White "Grootneus"]
[Black "Generalas"]
[Result "1-0"]
[WhiteElo "2087"]
[BlackElo "2208"]
[TimeControl "180+2"]
[EndTime "12:20:13 PST"]
[Termination "Grootneus won by resignation"]

1. e4 e5 2. Nf3 Nc6 3. Bb5 a6 4.
Ba4 Nf6 5. d3 b5 6. Bb3 Be7 7.
a4 Bb7 8. O-O O-O 9. axb5 axb5 10. Rxa8 Qxa8 11. Nc3 b4 12. Nd5 Bd8 13. Bg5 Nxd5 14.
Bxd5 d6 15. Bxd8 Qxd8 16. Qa1 Qa8 17. b3 h6 18. Qb2 Nd8 19. Ra1 Qb8 20. Bxb7 Qxb7 21. Ra4 c5 22. Qa2 Nc6 23. Ra6 Qb5 24. Nd2 f5 25. Nc4 fxe4 26. Nxd6 Qb8 27. Rxc6 exd3 28.
cxd3 Qd8 29. Qe2 Qg5 30. Rxc5 Rd8 31. Ne4 Qf4 32. g3 Qf5 33. Nd2 Qxd3 34. Qxd3 Rxd3 35. Rc2 Kf7 36. Kf1 Ke6 37. Ke2 Rd5 38. Ke3 Kf5 39. h3 h5 40. Rc4 Rb5 41. Ne4 Rb6 42. Nc5 g5 43. Nd3 Rb5 44. Rxb4 Rd5 45. Rc4 Ra5 46.
Rc5 Ra3 47. Rxe5+ Kf6 48. Rb5 Ra1 49. b4 Rh1 50. Rb6+ Kf5 51. Rb5+ Kf6 52. Rc5 Rxh3 53.
Kf3 h4 54. Kg2 g4 55. Nf4 hxg3 56. Nxh3 gxh3+ 57. Kxh3 gxf2 58. Kg2 1-0

[Event "*** Titled Tuesday 3|2 Blitz (Early)"]
[Site "Chess.com"]
[Date "2016.12.06"]
[Round "6"]
[White "AmazingAtlas"]
[Black "macko06"]
[Result "1-0"]
[WhiteElo "2301"]
[BlackElo "2255"]
[TimeControl "180+2"]
[EndTime "12:20:41 PST"]
[Termination "AmazingAtlas won by checkmate"]

1. e4 e6 2. d4 d5 3. Nc3 Nf6 4. Bg5 Be7 5. e5 Nfd7 6. h4 h6 7. Bxe7 Qxe7 8. f4 a6 9. Qg4 O-O 10. f5 exf5 11. Nxd5 fxg4 12. Nxe7+ Kh7 13. Bd3+ Kh8 14. Ne2 c5 15. c3 Nc6 16. Nxc6 bxc6 17.
O-O cxd4 18. cxd4 c5 19. e6 Nf6 20. dxc5 Bxe6 21. Nf4 Bd7 22. b4 Rfb8 23. Rab1 Kg8 24.
Bc4 Kf8 25. Nd5 Be6 26. Nxf6 Bxc4 27. Nd7+ Ke7 28. Nxb8 Rxb8 29. Rfe1+ Kd7 30. a4 Kc6 31. Red1 Rb7 32. Rd4 Be2 33. Kf2 Re7 34. Re1 g3+ 35. Kxg3 Re6 36. Kf2 Bh5 37. Rxe6+ fxe6 38. Rd6+ Kb7 39.
Rb6+ Kc7 40. Rxe6 Kd7 41. Rxa6 Bd1 42. Ke3 Bb3 43. g3 Ke7 44. Kd4 Bd1 45. Ke3 g5 46. hxg5 hxg5 47. Kd4 Kd7 48. b5 Kc7 49. Ke5 Kb7 50. Kf5 g4 51. Ke5 Bf3 52. c6+ Kc7 53. Ra7+ Kb8 54. Rb7+ Ka8 55. Rg7 Kb8 56. Kf4 Bd1 57.
a5 Ba4 58. Kxg4 Kc8 59. b6 Bd1+ 60. Kf4 Kd8 61. a6 Be2 62. a7 Ba6 63. Rd7+ Kc8 64.
a8=Q# 1-0

[Event "*** Titled Tuesday 3|2 Blitz (Early)"]
[Site "Chess.com"]
[Date "2016.12.06"]
[Round "6"]
[White "Noukii"]
[Black "theprosecution1"]
[Result "1/2-1/2"]
[WhiteElo "2665"]
[BlackElo "2539"]
[TimeControl "180+2"]
[EndTime "12:20:50 PST"]
[Termination "Game drawn - insufficient material"]

1. d4 Nf6 2. c4 g6 3. Nc3 d5 4.
cxd5 Nxd5 5. e4 Nxc3 6. bxc3 Bg7 7. Bc4 c5 8. Ne2 Nc6 9. Be3 O-O 10. Rc1 Bg4 11.
f3 Bd7 12. h4 Qa5 13. Kf2 Rad8 14. h5 Bc8 15. hxg6 hxg6 16. Qg1 cxd4 17. cxd4 e6 18. Qh2 Rfe8 19. Qh7+ Kf8 20. Bh6 Bxh6 21. Qxh6+ Ke7 22. Qe3 Rh8 23. Rhd1 Qh5 24. Qf4 Qh4+ 25. Qxh4+ Rxh4 26. Bb5 Bd7 27. Nc3 a6 28. Bf1 b5 29. d5 Ne5 30.
Ne2 exd5 31. Rxd5 f6 32. Rc7 Rhh8 33. Nf4 g5 34. Nd3 Nxd3+ 35. Bxd3 Ke6 36. Ra7 Bc8 37. Rxd8 Rxd8 38. Ke3 Rd7 39. Ra8 Bb7 40. Rb8 b4 41. Bc4+ Ke7 42. Rg8 a5 43. Bb3 Ba6 44. Ra8 Rd6 45.
Bd5 a4 46. Ra7+ Kd8 47. Kd4 b3 48. axb3 axb3 49. Kc3 Bf1 50. g3 Bg2 51. f4 gxf4 52.
gxf4 f5 53. Kxb3 Bxe4 54. Bc4 Rd4 55. Kc3 Rd1 56. Rf7 Ke8 57. Ra7 Kd8 58. Be6 Rf1 59.
Kd4 Rxf4 60. Ke5 Rf1 61. Rd7+ Ke8 62. Kf6 Rh1 63. Rc7 Rh6+ 64. Ke5 Kf8 65. Rf7+ Ke8 66. Kd6 Rxe6+ 67. Kxe6 Bd5+ 68. Kxf5 Kxf7 1/2-1/2

[Event "*** Titled Tuesday 3|2 Blitz (Early)"]
[Site "Chess.com"]
[Date "2016.12.06"]
[Round "6"]
[White "jup1978"]
[Black "FrankieJay"]
[Result "0-1"]
[WhiteElo "2237"]
[BlackElo "2212"]
[TimeControl "180+2"]
[EndTime "12:20:54 PST"]
[Termination "FrankieJay won by resignation"]

1. d4 Nf6 2. Nf3 g6 3. g3 Bg7 4.
Bg2 O-O 5. O-O d5 6. Nc3 Bg4 7. Ne5 Bf5 8. Bg5 c6 9. Bxf6 Bxf6 10. e4 dxe4 11. Nxe4 Bg7 12. Re1 Nd7 13. Nxd7 Qxd7 14. Nc5 Qxd4 15. Qxd4 Bxd4 16. Nd3 Rfe8 17. Be4 Bxe4 18.
Rxe4 Rad8 19. Rae1 e6 20. Kf1 Rd7 21. b3 Red8 22. Kg2 b6 23. R1e2 c5 24. h4 h5 25.
f4 Bf6 26. Kf3 Rd4 27. Rxd4 Rxd4 28. Re4 Kf8 29. Rxd4 Bxd4 30. Ke4 Ke7 31. b4 f5+ 32. Kf3 Kd6 33. bxc5+ bxc5 34. c4 e5 35. fxe5+ Bxe5 36. Nc1 Bd4 37. Nb3 Ke5 38. Na5 Kd6 39. Nb3 Bc3 40. Kf4 Bf6 41. Na5 Be5+ 42. Kf3 Kc7 43.
Nb3 Kd6 44. Na5 Bg7 45. Nb7+ Kc6 46. Nd8+ Kd7 47. Nb7 Bd4 48. Kf4 Ke6 49. Kg5 Kf7 50. Nd8+ Ke7 51. Nc6+ Kd6 52. Nxa7 Be5 53. Kxg6 Bxg3 54.
Kxh5 Ke5 55. Nc6+ Ke4 56. a4 Bc7 57. a5 f4 58. Kg4 f3 59. a6 Bb6 60. Kg3 Ke3 61. Ne5 Bc7 62. a7 Bxe5+ 63. Kg4 f2 64. a8=Q f1=Q 65. Qa3+ Kd4 66. Qb2+ Ke4 67. Qc2+ Qd3 68. Qg2+ Ke3 69. Qg1+ Kd2 70. Qxc5 Qe4+ 71.
Kg5 Qf4+ 72. Kg6 Qf6+ 73. Kh5 Qf5+ 74. Kh6 Bf4+ 75. Kg7 Qxc5 0-1

[Event "*** Titled Tuesday 3|2 Blitz (Early)"]
[Site "Chess.com"]
[Date "2016.12.06"]
[Round "6"]
[White "Holden-Caulfield"]
[Black "LPSupi"]
[Result "1/2-1/2"]
[WhiteElo "2484"]
[BlackElo "2581"]
[TimeControl "180+2"]
[EndTime "12:21:01 PST"]
[Termination "Game drawn by repetition"]

1. d4 Nf6 2. Nf3 e6 3. Bg5 d5 4. Nbd2 Be7 5. e3 c5 6. c3 Nbd7 7. Bd3 b6 8. O-O Bb7 9. Qe2 Qc7 10. Bf4 Bd6 11. Bxd6 Qxd6 12. e4 dxe4 13. Nxe4 Nxe4 14.
Bxe4 Bxe4 15. Qxe4 O-O 16. Rad1 Qc7 17. Qe2 Nf6 18.
Ne5 Rad8 19. Nf3 h6 20. dxc5 Qxc5 21. Rxd8 Rxd8 22. Rd1 Rxd1+ 23. Qxd1 e5 24. h3 g6 25. Qe2 e4 26. Nd4 Qd5 27. a3 Kg7 28. Qa6 Qd7 29.
Qe2 Qe7 30. Qe3 Nd5 31. Qg3 Kh7 32. Nc2 f5 33. Qb8 f4 34. Qa8 Nf6 35. Qb8 g5 36. Nd4 Qd7 37. Qe5 Kg6 38. Kh1 Qd5 39. Qe7 Qf7 40. Qe5 Qd5 41. Qe7 Qd7 42. Qe5 h5 43. h4 Qg4 44. f3 Qxh4+ 45. Kg1 Qe1+ 46. Kh2 Qg3+ 47. Kg1 Qe1+ 48. Kh2 Qg3+ 49. Kg1 exf3 50. Nxf3 Qg4 51. Qe7 Qf5 52. Ne5+ Kh6 53. Nf7+ Kg6 54. Nh8+ Kh6 55. Nf7+ Kg6 56. Ne5+ Kh6 57. Qf8+ Kh7 58. Qf7+ Kh6 59. Qf8+ Kh7 60. Qf7+ Kh6 61. Qf8+ Kh7 62. Qf7+ Kh6 63. Qf8+ Kh7 64. Qf7+ Kh6 65. Qf8+ 1/2-1/2

[Event "*** Titled Tuesday 3|2 Blitz (Early)"]
[Site "Chess.com"]
[Date "2016.12.06"]
[Round "6"]
[White "Morshynska"]
[Black "renanreis"]
[Result "0-1"]
[WhiteElo "2129"]
[BlackElo "2017"]
[TimeControl "180+2"]
[EndTime "12:21:37 PST"]
[Termination "renanreis won by resignation"]

1. Nf3 Nf6 2. g3 d5 3. Bg2 c5 4. O-O Nc6 5. d4 cxd4 6. Nxd4 e5 7.
Nxc6 bxc6 8. c4 h6 9. Nc3 Be6 10. Qa4 Qd7 11. Rd1 Rd8 12. Be3 Be7 13. Qxa7 d4 14. Qa4 O-O 15. Bxc6 Qc8 16. Nd5 Bxd5 17. cxd5 dxe3 18. fxe3 Bc5 19. Kh1 Qh3 20. Qh4 Qxh4 21. gxh4 Bxe3 22. b4 Bd4 23. Rab1 Rd6 24. b5 Rfd8 25. b6 Nxd5 26. b7 Rxc6 27. b8=Q Rxb8 28. Rxb8+ Kh7 29. Rb3 Rc2 30. a4 Ra2 31. Rb5 Ne3 32. Rc1 Rxa4 33. Rb7 Ra7 34. Rb8 Nf5 35. h5 Ra2 36.
Rf1 Nd6 37. Rd8 Bc5 38. Rc1 Be3 39. Rc3 Ra1+ 40. Kg2 Nf5 41. Rcc8 g6 42. Rh8+ Kg7 43. Rcg8+ Kf6 44. hxg6 fxg6 45. Rf8+ Kg5 46. Kf3 Rf1+ 47.
Ke4 Bd4 48. Kd5 Ne3+ 49. Ke6 Re1 50. Rhg8 Nf5 51. Rf6 Nh4 52. Rf7 Rxe2 53. Rgf8 Rxh2 54. Rg8 e4 55. Kd7 e3 56. Re7 e2 57. Rge8 Nf5 58. Re4 Bc3 59. Kc6 e1=Q 60. Rxe1 Bxe1 61. Rxe1 Rd2 62.
Rg1+ Kf6 63. Rf1 h5 64. Rb1 h4 65. Kc5 h3 66. Kc4 h2 0-1

[Event "*** Titled Tuesday 3|2 Blitz (Early)"]
[Site "Chess.com"]
[Date "2016.12.06"]
[Round "6"]
[White "Keranke"]
[Black "Fandorine"]
[Result "1/2-1/2"]
[WhiteElo "2615"]
[BlackElo "2631"]
[TimeControl "180+2"]
[EndTime "12:21:42 PST"]
[Termination "Game drawn by repetition"]

1. c4 g6 2. g3 Bg7 3. Bg2 Nf6 4.
Nc3 O-O 5. Nf3 d6 6. O-O e5 7. d4 Nbd7 8. Qc2 Re8 9. Rd1 exd4 10. Nxd4 a6 11. b3 Rb8 12. Bb2 Qe7 13. Nd5 Qd8 14. Rac1 c5 15. Nf3 Nxd5 16. Rxd5 Nf6 17. Bxf6 Qxf6 18. Rcd1 Bf5 19. Qd2 Bf8 20. Nh4 Be6 21. Rd3 b5 22. Bd5 bxc4 23. Rf3 Qg7 24. Bxc4 Bxc4 25. bxc4 Rb2 26. Qa5 Rexe2 27. Qxa6 Rxa2 28.
Qc8 Qe5 29. Ng2 Ra1 30. Rd3 Rxd1+ 31. Rxd1 Qe6 32. Qa6 Re4 33. Rc1 h5 34. h4 Bg7 35.
Nf4 Rxf4 36. gxf4 Qg4+ 37. Kf1 Qxf4 38. Rc2 Be5 39. Qa8+ Kg7 40. Qh1 Bf6 41. Qh3 Bxh4 42. Qd3 Bf6 43. Re2 Be5 44. Re4 Qf5 45. Qe2 Qf6 46.
Kg2 Qf5 47. f3 Qg5+ 48. Kh1 Qg3 49. Qg2 Qxg2+ 50. Kxg2 g5 51. Re2 Kg6 52. Ra2 f5 53. Ra8 g4 54. Rg8+ Kf7 55. Rg5 Kf6 56. Rxh5 Kg6 57. Rh1 Kg5 58. Re1 Kf4 59. fxg4 fxg4 60. Re2 Bd4 61. Re6 Be5 62. Rg6 Kf5 63. Rg8 Kf4 64.
Kf2 Bd4+ 65. Kg2 Bc3 66. Kf2 Be5 67. Kg2 Kf5 68. Kf2 Bf4 69. Re8 Be5 70. Rg8 Kf4 71.
Kg2 Bd4 72. Rg6 Be5 73. Rg8 1/2-1/2

[Event "*** Titled Tuesday 3|2 Blitz (Early)"]
[Site "Chess.com"]
[Date "2016.12.06"]
[Round "6"]
[White "Mornar1951"]
[Black "Jungle_Jaguar"]
[Result "1/2-1/2"]
[WhiteElo "2585"]
[BlackElo "2408"]
[TimeControl "180+2"]
[EndTime "12:21:46 PST"]
[Termination "Game drawn by repetition"]

1. Nf3 Nf6 2. c4 e6 3. g3 d5 4.
Bg2 c5 5. O-O Nc6 6. cxd5 exd5 7. d4 cxd4 8. Nxd4 Bc5 9. Nb3 Be7 10. Nc3 Be6 11. Bg5 O-O 12. e3 h6 13. Bxf6 Bxf6 14. Rc1 d4 15. exd4 Nxd4 16. Nc5 Rb8 17. Qa4 Qb6 18.
Nxe6 Nxe6 19. Nd5 Qxb2 20. Rb1 Qd4 21. Rb4 Qe5 22. Qxa7 Ra8 23. Qxb7 Rxa2 24. Re4 Qf5 25. Qb3 Rd2 26. Re3 Rd8 27. Be4 Qg5 28. h4 Qg4 29.
Nxf6+ gxf6 30. Bg2 Rd1 31. Ree1 Rxe1 32. Rxe1 Qd4 33.
Qf3 Kg7 34. Re4 Qd1+ 35. Kh2 Qxf3 36. Bxf3 f5 37. Ra4 Kf6 38. Kg2 Rd6 39. Be2 Nd4 40.
Bh5 Nc6 41. Ra6 Ke6 42. Rb6 Ne5 43. Rb7 Rd7 44. Rb2 Rd6 45. Be2 Kf6 46. Ra2 Ng6 47.
Bc4 f4 48. Ra3 fxg3 49. Rf3+ Ke5 50. fxg3 f5 51. Bd3 Ne7 52. Kh3 Rd4 53. Bc2 f4 54. g4 Nd5 55. g5 hxg5 56. hxg5 Rd2 57. Bd3 Ne3 58. Bf1 Rd1 59. Bg2 Nxg2 60. Kxg2 Kf5 61. Ra3 Kxg5 62. Rb3 Kg4 63. Kf2 Rd2+ 64. Kf1 f3 65. Rb8 Rd5 66. Rg8+ Rg5 67. Rxg5+ Kxg5 68. Kf2 Kf4 69. Kf1 Kg3 70. Kg1 Kf4 71. Kf2 Kg4 72.
Kf1 Kf5 73. Kf2 Ke4 74. Kf1 Kf4 75. Kf2 Kg4 76. Kf1 Kg3 77. Kg1 Kf4 78. Kf2 Ke4 79. Kf1 Ke3 80. Ke1 Kf4 81. Kf2 1/2-1/2

[Event "*** Titled Tuesday 3|2 Blitz (Early)"]
[Site "Chess.com"]
[Date "2016.12.06"]
[Round "6"]
[White "WanderingPuppet"]
[Black "Peroncio"]
[Result "0-1"]
[WhiteElo "2298"]
[BlackElo "2510"]
[TimeControl "180+2"]
[EndTime "12:22:47 PST"]
[Termination "Peroncio won on time"]

1. e4 e5 2. Nf3 Nc6 3. Bb5 a6 4. Ba4 Nf6 5. O-O Be7 6. Re1 b5 7. Bb3 d6 8. a4 b4 9. a5 O-O 10. h3 Rb8 11. d3 Be6 12. Nbd2 Qc8 13. Nc4 Kh8 14. Ba4 Nd8 15. b3 Ng8 16. d4 exd4 17.
Nxd4 Bxc4 18. bxc4 Bf6 19. Be3 c5 20. Nf5 Bxa1 21.
Qxa1 Ne6 22. Nxd6 Qc7 23. Nf5 Qxa5 24. Bf4 Rbc8 25. Bd6 Rfd8 26. Be5 f6 27. Nd6 Rc7 28. Bg3 Nd4 29. e5 b3 30. Bxb3 Nxb3 31. cxb3 Qxa1 32. Rxa1 Ra8 33. e6 Nh6 34. Nf7+ Rxf7 35. exf7 Nxf7 36. Ra5 h5 37. Rxc5 g5 38. Rc7 Kg7 39. Rb7 Kg6 40.
f3 a5 41. c5 a4 42. bxa4 Rxa4 43.
Bf2 Rc4 44. Kf1 Ne5 45. Rb8 Nd3 46. Be3 Rc2 47. Rg8+ Kf7 48. Rd8 Ne5 49. Rc8 Ke6 50.
Re8+ Kd7 51. Rf8 Ke7 52. Rh8 h4 53. Rc8 Ke6 54. Re8+ Kd7 55. Rf8 Ke6 56. Re8+ Kf5 57. Rd8 Nc4 58. Bf2 Nd2+ 59. Ke2 Nb3+ 60. Kf1 Ke6 61.
Re8+ Kf7 62. Re1 Nd2+ 63. Kg1 Nc4 64. Rd1 Ne5 65. Rb1 Nd3 66. Be3 Re2 67. Bd4 Nf4 68. Bf2 Rc2 69. Rd1 Ne6 70. Rd7+ Kg6 71. Rd1 f5 72.
Rd6 Kf7 73. Rd7+ Kf6 74. Rd1 Nf4 75. Ra1 Ke5 76. Rd1 Ne2+ 77. Kf1 Nc3 78. Bd4+ Kf4 79.
Bxc3 Rxc3 80. Kf2 Rc2+ 81. Kg1 Kg3 82. Kf1 Rxc5 83. Ke2 Kxg2 84. Rd2 Kxh3 85. Rd6 Kg3 86. Rh6 h3 87. Ke3 h2 88. Rh5 f4+ 89. Ke4 Kg2 0-1

[Event "*** Titled Tuesday 3|2 Blitz (Early)"]
[Site "Chess.com"]
[Date "2016.12.06"]
[Round "7"]
[White "stuffings101"]
[Black "poummba"]
[Result "1-0"]
[WhiteElo "2171"]
[BlackElo "2358"]
[TimeControl "180+2"]
[EndTime "12:24:16 PST"]
[Termination "stuffings101 won by checkmate"]

1. Nf3 Na6 2. g3 Nc5 3. Bg2 Ne6 4. d4 Nc5 5. dxc5 Nf6 6. a3 Ne4 7. b4 f6 8. Qd3 Kf7 9. Qxe4 Kg8 10. Bb2 e5 11. Qc4+ d5 12. cxd6+ Be6 13. Qxe6# 1-0

[Event "*** Titled Tuesday 3|2 Blitz (Early)"]
[Site "Chess.com"]
[Date "2016.12.06"]
[Round "7"]
[White "norwaytoadog"]
[Black "jup1978"]
[Result "1-0"]
[WhiteElo "1936"]
[BlackElo "2219"]
[TimeControl "180+2"]
[EndTime "12:26:27 PST"]
[Termination "norwaytoadog won by resignation"]

1. e4 c5 2. Nf3 d6 3. Bb5+ Nd7 4. d4 cxd4 5. Qxd4 a6 6. Bxd7+ Bxd7 7. O-O Bc6 8. Rd1 Nf6 9. Nc3 e6 10. Bg5 Be7 11.
a4 O-O 12. Qe3 h6 13. Bxh6 gxh6 14. Qxh6 Nh7 15. Rd3 Bg5 16. Nxg5 Nxg5 17. Rg3 f6 18. h4 Kf7 19. hxg5 Rh8 20. g6+ Ke7 21. Qg7+ 1-0

[Event "*** Titled Tuesday 3|2 Blitz (Early)"]
[Site "Chess.com"]
[Date "2016.12.06"]
[Round "7"]
[White "nihalsarin"]
[Black "Izoria123"]
[Result "0-1"]
[WhiteElo "2506"]
[BlackElo "2584"]
[TimeControl "180+2"]
[EndTime "12:26:47 PST"]
[Termination "Izoria123 won by resignation"]

1. d4 Nf6 2. c4 g6 3. Nc3 Bg7 4.
e4 d6 5. Be2 O-O 6. Nf3 c5 7. O-O Re8 8. d5 e6 9. Re1 exd5 10. exd5 Ne4 11. Nxe4 Rxe4 12. Bd3 Rxe1+ 13. Nxe1 Nd7 14. Nf3 Ne5 15. Nxe5 Bxe5 16. Qc2 Qh4 17.
g3 Qf6 18. Rb1 Bh3 19. Bd2 Bd4 20. Bc3 Re8 21. Qd2 Qf3 22. Bf1 Bxf1 23. Rxf1 Re2 0-1

[Event "*** Titled Tuesday 3|2 Blitz (Early)"]
[Site "Chess.com"]
[Date "2016.12.06"]
[Round "7"]
[White "Pierrebl"]
[Black "jcibarra"]
[Result "0-1"]
[WhiteElo "2486"]
[BlackElo "2641"]
[TimeControl "180+2"]
[EndTime "12:27:25 PST"]
[Termination "jcibarra won by resignation"]

1. e4 e5 2. Nf3 Nc6 3. Bb5 Nf6 4.
O-O Nxe4 5. Re1 Nd6 6. Nxe5 Be7 7. Bf1 Nf5 8. c3 O-O 9. d4 Nxe5 10. Rxe5 d6 11. Re1 d5 12. Bd3 Bd6 13. Nd2 c6 14. Nf1 Qh4 15. Ng3 g6 16. Qf3 Ng7 17. h3 Bd7 18.
Bd2 f5 19. Re2 g5 20. Bc2 f4 21. Nf1 g4 22. Qd3 Bf5 23. g3 Bxd3 0-1

[Event "*** Titled Tuesday 3|2 Blitz (Early)"]
[Site "Chess.com"]
[Date "2016.12.06"]
[Round "7"]
[White "dretch"]
[Black "MateusViageiro"]
[Result "1-0"]
[WhiteElo "2601"]
[BlackElo "2264"]
[TimeControl "180+2"]
[EndTime "12:28:10 PST"]
[Termination "dretch won by resignation"]

1. d4 Nf6 2. c4 e6 3. Nc3 Bb4 4.
Qc2 O-O 5. a3 Bxc3+ 6. Qxc3 b6 7. Bg5 Bb7 8. e3 h6 9. Bh4 c5 10. dxc5 bxc5 11. Nf3 Nc6 12. Bd3 Re8 13. O-O e5 14.
Nd2 g5 15. Bg3 d5 16. cxd5 Qxd5 17. Bc4 Qd6 18. Rfd1 Qe7 19. Nb3 Rac8 20. Nxc5 Ba8 21.
b4 Kg7 22. Rac1 a5 23. Ba6 axb4 24. axb4 Rc7 25. b5 Nd8 26. b6 Rc6 27. Bb5 Rxb6 28. Bxe8 Qxe8 29. Bxe5 Kg6 30. Bxf6 Rxf6 31. Nd7 Rc6 32.
Ne5+ 1-0